 Dungeon Crawl Stone Soup version 0.27-a0-74-gebd156f8b4 (webtiles) character file.

Game seed: 6381035063849023561

1813 Forecaster the Magician (level 9, -12/74 HPs)
             Began as a Naga Hedge Wizard on Jan 11, 2021.
             Was an Initiate of Dithmenos.
             Mangled by a slime creature (19 damage)
             ... on level 7 of the Dungeon.
             The game lasted 00:51:10 (11366 turns).

Forecaster the Magician (Naga Hedge Wizard)        Turns: 11366, Time: 00:51:11

Health: -12/74     AC:  9    Str: 14      XL:     9   Next: 10%
Magic:  2/18       EV: 11    Int: 16      God:    Dithmenos [......]
Gold:   443        SH:  0    Dex: 16 (17) Spells: 8/20 levels left

rFire    . . .     SeeInvis +   R - +4 spear
rCold    . . .     Faith    .   (no shield)
rNeg     . . .     Spirit   .   M - +3 leather armour
rPois    +         Reflect  .   c - +0 hat
rElec    .         Harm     .   (no cloak)
rCorr    .         Rampage  .   p - +1 pair of gloves
Will     ++...                  (no barding)
Stlth    +++.......             (no amulet)
HPRegen  0.22/turn              j - +6 ring of dexterity
MPRegen  0.16/turn              P - ring of willpower

@: very slow
A: large, see invisible, deformed body, poison resistance, slowness 2, spit
poison 1, AC +3
a: Spit Poison, Renounce Religion


You were on level 7 of the Dungeon.
You worshipped Dithmenos.
Dithmenos was noncommittal.
You visited 2 branches of the dungeon, and saw 8 of its levels.

You collected 443 gold pieces.

Inventory:

Hand Weapons
 a - a +0 dagger
 s - a +0 rapier
 t - a +0 vampiric trident
 B - a +2 short sword of protection
 F - a +0 shortbow
 H - a +1 trident of protection
 I - a +1 hunting sling of flaming
 K - a +0 hand crossbow
 Q - a +1 mace of protection
 R - a +4 spear (weapon)
 S - a +1 flail of holy wrath
Missiles
 l - 16 poisoned darts
 z - 4 atropa-tipped darts
 G - 116 arrows
Armour
 b - a +0 robe
 c - a +0 hat (worn)
 h - a +0 robe
 i - a +2 robe of willpower
 m - a +0 robe
 p - a +1 pair of gloves (worn)
 M - a +3 leather armour (worn)
 X - a +0 crystal plate armour
Magical Staves
 v - an uncursed staff of poison
Jewellery
 j - a +6 ring of dexterity (left hand)
 o - an uncursed ring of see invisible
 w - an uncursed amulet of faith
 P - a ring of willpower (right hand)
 V - a +6 ring of dexterity
Wands
 d - a wand of digging (10)
 D - a wand of enslavement (10)
 L - a wand of flame (12)
Scrolls
 k - 2 scrolls of teleportation
 q - 3 scrolls of remove curse
 y - 2 scrolls of blinking
 A - a scroll of amnesia
 E - a scroll of magic mapping
 J - a scroll of fear {unknown}
 N - a scroll of enchant weapon {unknown}
 U - a scroll of immolation
 W - a scroll of identify
Potions
 e - a potion of ambrosia
 f - 3 potions of might
 g - 2 potions of curing
 n - a potion of heal wounds {unknown}
 r - a potion of brilliance {unknown}
 u - a potion of attraction {unknown}
 x - a potion of cancellation {unknown}
 C - a potion of berserk rage {unknown}
 O - a potion of haste
 T - a potion of resistance {unknown}


   Skills:
 + Level 2.6 Fighting
 + Level 1.7 Short Blades
 + Level 4.5 Polearms
 + Level 1.8 Armour
 + Level 3.0 Dodging
 + Level 5.1 Stealth
 + Level 6.4 Spellcasting
 + Level 2.9 Conjurations
 + Level 4.8 Summonings
 + Level 1.0 Translocations


You had 8 spell levels left.
You knew the following spells:

 Your Spells              Type           Power        Failure   Level
a - Magic Dart            Conj           56%          4%          1
b - Call Imp              Summ           20%          3%          2
c - Blink                 Tloc           N/A          16%         2
d - Slow                  Hex            5%           24%         2
e - Searing Ray           Conj           28%          8%          2
f - Dazzling Flash        Conj/Hex       18%          26%         3

Your spell library contained the following spells:

 Spells                   Type           Power        Failure   Level
 Conjure Flame            Conj/Fire      9%           26%         3
 Mephitic Cloud           Conj/Pois/Air  8%           32%         3
 Iskenderun's Mystic Bla  Conj/Tloc      11%          58%         4
 Fulminant Prism          Conj/Hex       4%           65%         4


Dungeon Overview and Level Annotations

Branches:
Dungeon (7/15)             Temple (1/1) D:7

Altars:
Cheibriados
Dithmenos
Elyvilon
Fedhas
Gozag
Makhleb
Nemelex Xobeh
Okawaru
Qazlal
Ru
Trog
Uskayaw
Wu Jian
Yredelemnul
Zin


Innate Abilities, Weirdness & Mutations

You cannot wear boots.
Your serpentine skin is tough. (AC +3)
You have supernaturally acute eyesight. (SInv)
Armour fits poorly on your strangely shaped body.
Your system is resistant to poisons. (rPois)
You cover ground very slowly.
You can spit poison.


Message History

Casting: Call Imp (safe; 3% risk of failure)
Confirm with . or Enter, or press ? or * to list all spells.
A beastly little devil appears in a puff of flame.
You swap places.
Your crimson imp hits the slime creature.
The slime creature barely misses your crimson imp.
There is an open door here.
Your crimson imp hits the slime creature.
The slime creature hits your crimson imp!
Your crimson imp dies!
The slime creature quivers.
Casting: Call Imp (safe; 3% risk of failure)
Confirm with . or Enter, or press ? or * to list all spells.
A beastly little devil appears in a puff of flame.
Your crimson imp hits the slime creature.
You hit the slime creature.
The slime creature is severely wounded.
Your crimson imp blinks!
The slime creature hits you!!
You die...

#..# ###'''###§.#
#.# #.o#
##..(####§## #.#
##.....###..####.#
#.......##....##.#
#.......##...(...#
#...5...##....####
#.......##...##
#...§#######.#
#..@J'..## #.#
########.###.#
##(.....###..#######
#'####### #.........
#...P.P...
#.........
#JP÷.JP..J
#.########
#.PJ.J.... ##
#÷P..÷÷.JJ
#÷.J....P.


You could see a slime creature and a friendly crimson imp (summoned).

Vanquished Creatures
  2 ice beasts
  A black bear (D:7)
  An orc warrior (D:7)
  An ogre (D:4)
  A bullfrog (D:6)
  2 scorpions
  4 wights (D:6)
  3 orc priests
  3 hounds
  A jelly (D:7)
  A bullfrog skeleton (D:6)
  7 orc wizards
  An iguana (D:6)
  A worker ant (D:4)
  2 hound zombies (D:5)
  A hound skeleton (D:3)
  4 adders
  4 shadow imps
  An ufetubus (D:6)
  2 adder skeletons
  2 worms
  A dart slug (D:4)
  6 leopard geckos
  11 orcs
  5 giant cockroaches
  11 goblins
  4 hobgoblins
  3 jackals
  9 kobolds
  3 quokkas
  A ball python skeleton (D:5)
  7 bats
  7 frilled lizards
  A jackal skeleton (D:4)
  A leopard gecko skeleton (D:5)
  9 rats
124 creatures vanquished.

Vanquished Creatures (collateral kills)
  A sky beast (D:7)
  2 centaurs
  3 big kobolds (D:7)
  An orc priest (D:3)
  4 orc wizards
  A worker ant (D:6)
  A gnoll (D:5)
  3 adders
  A white imp (D:6)
  An ooze (D:2)
  2 worms (D:2)
  A dart slug (D:3)
  13 orcs
  3 hobgoblins
  9 jackals
  8 kobolds
  2 bats
  2 frilled lizards (D:2)
  3 goblins
61 creatures vanquished.

Vanquished Creatures (others)
  An orc wizard (D:7)
  9 fungi (D:7)
  2 plants (D:7)
  5 toadstools (D:7)
17 creatures vanquished.

Grand Total: 202 creatures vanquished

Notes
Turn   | Place    | Note
-------+----------+-------------------------------------------
     0 | D:1      | Forecaster the Naga Hedge Wizard began the quest for the
                  | Orb.
     0 | D:1      | Reached XP level 1. HP: 15/15 MP: 4/4
   569 | D:1      | Reached XP level 2. HP: 22/22 MP: 0/6
   572 | D:1      | Learned a level 2 spell: Call Imp
   575 | D:1      | Learned a level 2 spell: Blink
   792 | D:1      | Found a sparkling altar of Nemelex Xobeh.
  1374 | D:2      | Reached XP level 3. HP: 5/28 MP: 0/8
  2160 | D:2      | Reached skill level 1 in Fighting
  2996 | D:2      | Reached XP level 4. HP: 38/38 MP: 4/9
  3293 | D:2      | Learned a level 2 spell: Slow
  3603 | D:3      | Found a glowing silver altar of Zin.
  3603 | D:3      | Found an opulent altar of Gozag.
  3966 | D:3      | Reached skill level 4 in Spellcasting
  4175 | D:3      | Reached skill level 1 in Short Blades
  4394 | D:3      | Reached XP level 5. HP: 31/44 MP: 4/11
  4585 | D:3      | Found a faded altar of an unknown god.
  5154 | D:4      | Reached skill level 1 in Polearms
  5154 | D:4      | Reached XP level 6. HP: 46/52 MP: 10/12
  5660 | D:4      | Found a bloodstained altar of Trog.
  6016 | D:5      | Entered Level 5 of the Dungeon
  6064 | D:5      | Reached XP level 7. HP: 58/58 MP: 6/14
  6276 | D:5      | Reached skill level 5 in Spellcasting
  6519 | D:5      | Learned a level 2 spell: Searing Ray
  6523 | D:5      | Learned a level 3 spell: Dazzling Flash
  7504 | D:6      | Reached XP level 8. HP: 62/67 MP: 16/16
 10035 | D:6      | Reached skill level 6 in Spellcasting
 10245 | D:7      | Reached skill level 5 in Stealth
 10272 | D:7      | Found a bloodstained altar of Trog.
 10272 | D:7      | Found a sparkling altar of Nemelex Xobeh.
 10272 | D:7      | Found an iron altar of Okawaru.
 10464 | D:7      | Found a staircase to the Ecumenical Temple.
 10491 | Temple   | Entered the Ecumenical Temple
 10655 | Temple   | Became a worshipper of Dithmenos the Shadowed
 10925 | D:7      | HP: 3/68 [orc wizard/+0 dagger (1)]
 10927 | D:7      | Found a blossoming altar of Fedhas.
 11292 | D:7      | Reached skill level 1 in Armour
 11292 | D:7      | Reached XP level 9. HP: 47/74 MP: 11/18
 11366 | D:7      | Mangled by a slime creature

Illustrated notes

Levels and vault maps discovered:
D:1:      dpeg_arrival_court, layout_basic, dk_noncrumbling_2,
          nemelex_xobeh_ov_fountains_minmay
D:2:      layout_basic, minmay_misc_feat_square
D:3:      minmay_razor_zed, layout_basic, grunt_temple_overflow_gold_and_silver,
          chequers_ecumenical_altar_island
D:4:      layout_loops_ring, bloody_trog
D:5:      layout_loops_ring, roderic_lattice_a, cheibrodos_gnoll_hut
D:6:      layout_basic
D:7:      cheibrodos_fertilizer, layout_loops_ring,
          gammafunk_temple_overflow_forgotten, minmay_temple_entry_mini_moons,
          grunt_decor_junction, minmay_misc_feat_ornament,
          fedhas_altar_fruit_tree
Temple:   jpeg_temple_alley_garden

Skill      XL: |  1  2  3  4  5  6  7  8 |
---------------+-------------------------+-----
Fighting       | 1 2 |  2.6
Spellcasting   | 4 5 6 |  6.4
Short Blades   | 1 |  1.7
Polearms       | 1 2 3 4 |  4.5
Dodging        | 2 3 |  3.0
Stealth        | 4 5 |  5.1
Conjurations   | 2 |  2.9
Summonings     | 3 4 |  4.8
Armour         | 1 |  1.8
Translocations | |  1.0

Action                   |  1- 3 |  4- 6 |  7- 9 || total
-------------------------+-------+-------+-------++-------
Melee: Dagger            |    72 |     6 |       ||    78
       Rapier            |       |    46 |       ||    46
       Trident           |       |    90 |   159 ||   249
       Spear             |       |       |   140 ||   140
 Cast: Magic Dart        |    56 |    38 |    54 ||   148
       Call Imp          |    18 |    24 |    73 ||   115
       Searing Ray       |       |       |     4 ||     4
 Abil: Spit Poison       |     1 |     1 |       ||     2
  Use: Scroll            |       |    12 |     1 ||    13
       Potion            |       |       |     4 ||     4
 Stab: Sleeping          |     2 |     2 |     1 ||     5
       Distracted        |     1 |       |     2 ||     3
Armor: Robe              |     4 |    53 |    70 ||   127
       Leather armour    |       |       |    31 ||    31
Dodge: Dodged            |    54 |    82 |   155 ||   291

Table legend: (Time is in decaauts)
 A = Elapsed time spent in this place.
 B = Non-inter-level travel time spent in this place.
 C = Inter-level travel time spent in this place.
 D = Time resting spent in this place.
 E = Time spent auto-exploring this place.
 F = Levels seen in this place.
 G = Mean time per level.
                   A        B        C        D        E       F      G
               +--------+--------+--------+--------+--------+-----+--------+
         Total |  13329 |  12942 |    387 |   3082 |   6126 |   8 | 1666.1 |
       Dungeon |  13054 |  12711 |    343 |   3082 |   5915 |   7 | 1864.9 |
        Temple |    275 |    231 |     44 |      0 |    211 |   1 |  275.0 |
               +--------+--------+--------+--------+--------+-----+--------+

Top non-repeatable levels by time:
     D:6: 3034 daAuts
     D:2: 2541 daAuts
     D:3: 1908 daAuts
     D:5: 1730 daAuts
     D:1: 1606 daAuts
     D:4: 1198 daAuts
     D:7: 1034 daAuts
  Temple: 275 daAuts
